AoeStats
← c_stephen06200

Arabia

506144604Analyzed
1v1 RM · 21d ago on Sep 12, 2026· 43m 32s· 2 players
Game mode
Random Map
Map size
Tiny (2 player)
Population
200
Speed
Normal
Resources
Standard
Victory
Conquest
Starting age
Dark Age
Ending age
Imperial Age
RankedLock teamsTeams togetherTeam positionsShared explorationLock speedFull tech treeHidden civsTurbo modeCheats
Victory
Defeat
🇪🇸 Celts · Spain
1020
+16
🇫🇷 Byzantines · France
1016
-16
c_stephen06200
3:40 Loom
10:42 Feudal Age
11:24 Double-Bit Axe
13:50 Horse Collar
17:42 Wheelbarrow
22:50 Castle Age
21:17 Gold Mining
22:07 Double-Bit Axe
22:33 Fletching
23:20 Crossbowman
27:18 Bodkin Arrow
33:28 Hand Cart
36:38 Imperial Age
34:39 Scale Barding Armor
35:12 Husbandry
35:06 Stone Mining
36:12 Bow Saw
35:47 Light Cavalry
39:37 Forging
41:28 Arbalester
42:45 Iron Casting
Meneiyo
0:28 Loom
9:47 Feudal Age
11:16 Man-at-Arms
14:56 Forging
16:04 Scale Mail Armor
21:48 Castle Age
20:05 Horse Collar
20:14 Double-Bit Axe
20:39 Stone Mining
23:40 Wheelbarrow
23:06 Pikeman
25:50 Fletching
33:31 Hand Cart
33:30 Town Watch
33:54 Heavy Plow
34:07 Bow Saw
35:43 Iron Casting
35:27 Gold Mining
36:36 Chain Mail Armor
41:14 Imperial Age
41:14 Capped Ram
42:12 Siege Ram
Connection lost

Rejoining the realm…

Still unreachable

The connection could not be restored.

Session expired

The server has moved on; the page needs a fresh start.